 Dungeon Crawl Stone Soup version 0.23.1 (webtiles) character file.

Game seed: 1409543786682682889

11893 Fang the Fighter (level 11, 0/73 HPs)
             Began as a Gargoyle Berserker on Mar 19, 2019.
             Was a High Priest of Trog.
             Slain by an orc warrior
             ... wielding a +0 flail
              (3 damage)
             ... on level 10 of the Dungeon.
             The game lasted 00:11:01 (7459 turns).

Fang the Fighter (Gargoyle Berserker)               Turns: 7459, Time: 00:11:01

Health: 0/73       AC: 19    Str: 26    XL:     11   Next: 84%
Magic:  11/11      EV: 15    Int: 15    God:    Trog [*****.]
Gold:   446        SH:  0    Dex: 11    Spells: 10/10 levels left

rFire    + . .     SeeInvis .   A - +10 hand axe of Cyclij {drain, rC+ Str+2 Dex+2}
rCold    + . .     Gourm    .   (no shield)
rNeg     + + .     Faith    .   z - +4 ring mail of Saawk {rPois rF+ Int+4}
rPois    ∞         Spirit   .   C - +0 hat {Int+3}
rElec    +         Reflect  .   (no cloak)
rCorr    .         Harm     .   (no gloves)
MR       ++...                  (no boots)
Stlth    +.........             (no amulet)
HPRegen  1.22/turn              w - ring of positive energy
MPRegen  0.12/turn              (no ring)

@: berserk cooldown, regenerating, slowed, very slow
A: negative energy resistance 1, electricity resistance, unbreathing,
petrification resistance, rot immunity, AC +8
a: Berserk, Trog's Hand, Brothers in Arms, Renounce Religion


You were on level 10 of the Dungeon.
You worshipped Trog.
Trog was extremely pleased with you.
You were very hungry.

You visited 1 branch of the dungeon, and saw 10 of its levels.

You collected 446 gold pieces.

Inventory:

Hand Weapons
 t - a +0 war axe
 A - the +10 hand axe of Cyclij (weapon) {drain, rC+ Str+2 Dex+2}
   (You found it on level 9 of the Dungeon)

   A truly terrible weapon, it drains the life of those it strikes.
   It affects your strength (+2).
   It affects your dexterity (+2).
   It protects you from cold.
Armour
 j - a +2 plate armour
 z - the +4 ring mail of Saawk (worn) {rPois rF+ Int+4}
   (You found it on level 10 of the Dungeon)

   It affects your intelligence (+4).
   It protects you from fire.
   It protects you from poison.
 C - a +0 hat of intelligence (worn)
Jewellery
 w - a ring of positive energy (left hand)
Wands
 f - a wand of enslavement (8)
 g - a wand of flame (14)
 q - a wand of random effects (45)
 y - a wand of disintegration (27)
Scrolls
 h - 5 scrolls of remove curse
 i - a scroll of identify
 k - 2 scrolls of fog
 l - a scroll of brand weapon {unknown}
 n - 4 scrolls of teleportation
 s - a scroll of blinking
 x - a scroll of fear
 D - a scroll of magic mapping
Potions
 a - a potion of heal wounds {unknown}
 b - a potion of brilliance
 d - 3 potions of invisibility
 e - 3 potions of mutation
 m - 3 potions of resistance
 o - 3 potions of berserk rage {unknown}
 p - a potion of agility {unknown}
 r - a potion of ambrosia {unknown}
 u - a potion of haste {unknown}
 v - a potion of curing
Comestibles
 c - 19 rations
 B - 4 chunks of flesh


   Skills:
 + Level 10.6 Fighting
 + Level 9.1 Axes
 + Level 10.3 Armour
 + Level 8.0 Dodging


You had 10 spell levels left.
You didn't know any spells.
Your spell library was empty.

Dungeon Overview and Level Annotations

Branches:
Dungeon (10/15)            Temple (0/1) D:4            Lair (0/6) D:10
    Orc (0/2) D:9

Altars:
Nemelex Xobeh
Qazlal
Vehumet

Shops:
D:4 :   D:7 :

Annotations:
D:9 exclusion: oklob sapling


Innate Abilities, Weirdness & Mutations

You are resistant to torment.
Your stone body is resilient. (AC +8)
You are immune to poison.
You resist negative energy. (rN+)
You are resistant to electric shocks. (rElec)
You can survive without breathing.
You are immune to petrification.
You are immune to rotting.


Message History

You are no longer berserk.
You are exhausted.
You feel yourself slow down. The hell rat completely misses you.
You feel better. The hell rat bites you.
* * * LOW HITPOINT WARNING * * *
The orc warrior misses you.
Your ogre goes berserk!
You are feeling very hungry.
The orc barely misses you. The orc closely misses you.
The orc warrior hits you with a +0 flail.
* * * LOW HITPOINT WARNING * * *
The hell rat barely misses you. The river rat bites your ogre!
The orc closely misses you. The orc barely misses your ogre.
The river rat bites your ogre! The hell rat closely misses you.
The orc closely misses you.
Your skin crawls.
You feel resistant to hostile enchantments.
You feel somewhat more hungry. The hell rat closely misses you.
The orc warrior hits you with a +0 flail.
You die...

##### ...... ..... ##
#...# #.#. ..#....######
#.... ......oo.##.###
##...#
....oro@......####....#
....rOrr.......##.....#.
>....r......#...........
.....#......##......##..
.#.......†....###.....#.
..............##........
..............##..##....
...............#..##...#
.#..........##.##.###


You could see an orc warrior, 2 hell rats, 3 river rats, 3 orcs and a friendly
ogre (berserk).

Vanquished Creatures
  Gastronok (D:10)
  Josephine (D:10)
  3 death yaks (D:10)
  An unseen horror (D:10)
  An ugly thing (D:10)
  A hornet (D:9)
  Grinder (D:5)
  2 hippogriffs
  4 wraiths (D:10)
  3 yaks (D:10)
  3 wargs (D:9)
  2 porcupines (D:10)
  Duvessa (D:7)
  The ghost of Urgot the Sneak, an amateur SpEn (D:3)
  4 ice beasts
  2 sky beasts
  2 necrophages
  3 black bears
  6 ogres
  5 centaurs
  2 big kobolds
  5 bullfrogs
  Dowan (D:7)
  3 scorpions
  5 killer bees (D:10)
  A howler monkey (D:2)
  A centaur zombie (D:5)
  3 crimson imps
  A bullfrog zombie (D:8)
  A quasit (D:8)
  5 hounds
  4 jellies
  5 orc priests
  5 orc wizards
  An iguana (D:7)
  Terence (D:2)
  Natasha (thrice) (D:3)
  8 worker ants
  Robin (D:3)
  A hound skeleton (D:6)
  A worker ant zombie (D:6)
  10 gnolls
  A howler monkey skeleton (D:6)
  A river rat (D:10)
  11 adders
  2 oozes
  4 adder skeletons
  2 dart slugs
  2 worms
  3 leopard geckos
  19 orcs
  2 bats
  2 giant cockroaches (D:1)
  17 goblins
  7 hobgoblins
  22 jackals
  3 quokkas
  5 ball pythons (D:9)
  4 frilled lizards
  A giant cockroach zombie (D:6)
  A jackal skeleton (D:4)
  11 kobolds
  10 rats
245 creatures vanquished.

Vanquished Creatures (others)
  3 plants (D:9)
3 creatures vanquished.

Grand Total: 248 creatures vanquished

Notes
Turn   | Place    | Note
-------+----------+-------------------------------------------
     0 | D:1      | Fang the Gargoyle Berserker began the quest for the Orb.
     0 | D:1      | Reached XP level 1. HP: 14/14 MP: 1/1
   108 | D:1      | Reached XP level 2. HP: 11/19 MP: 2/2
   544 | D:2      | Noticed Terence
   571 | D:2      | Killed Terence
   571 | D:2      | Reached XP level 3. HP: 6/24 MP: 3/3
  1041 | D:2      | Reached XP level 4. HP: 24/29 MP: 4/4
  1525 | D:3      | Reached ** piety under Trog
  1537 | D:3      | Reached XP level 5. HP: 29/33 MP: 5/5
  1562 | D:3      | Noticed an ogre
  1562 | D:3      | Noticed Urgot's ghost (amateur SpEn)
  1562 | D:3      | Identified the +7 great mace "Goycaz" {crush, Str+2}
  1562 | D:3      | Noticed an ogre
  1563 | D:3      | Found a transporter.
  1565 | D:3      | Noticed an ogre
  1614 | D:3      | Noticed Robin
  1629 | D:3      | Killed Robin
  1751 | D:3      | Found a transporter.
  1812 | D:3      | Noticed Natasha
  1838 | D:3      | Killed Natasha
  1838 | D:3      | Reached XP level 6. HP: 22/39 MP: 6/6
  1998 | D:3      | Noticed Natasha
  2009 | D:3      | Killed Natasha
  2086 | D:3      | Noticed Natasha
  2090 | D:3      | Killed Natasha
  2281 | D:3      | Reached skill level 5 in Fighting
  2281 | D:3      | Reached XP level 7. HP: 44/44 MP: 7/7
  2281 | D:3      | Killed Urgot's ghost
  2493 | D:4      | Reached *** piety under Trog
  2496 | D:4      | Reached skill level 5 in Armour
  2715 | D:4      | Reached XP level 8. HP: 51/51 MP: 8/8
  2839 | D:4      | Found Boeq's Book Boutique.
  2948 | D:4      | Found a staircase to the Ecumenical Temple.
  3118 | D:5      | Entered Level 5 of the Dungeon
  3119 | D:5      | Found a sparkling altar of Nemelex Xobeh.
  3126 | D:5      | Reached skill level 5 in Axes
  3227 | D:5      | Noticed Grinder
  3228 | D:5      | Paralysed by Grinder for 5 turns
  3236 | D:5      | Killed Grinder
  3787 | D:6      | Reached XP level 9. HP: 34/56 MP: 9/9
  3987 | D:6      | Reached skill level 5 in Dodging
  4133 | D:6      | Reached **** piety under Trog
  4733 | D:7      | Found a radiant altar of Vehumet.
  5035 | D:7      | Noticed Dowan
  5046 | D:7      | Noticed Duvessa
  5049 | D:7      | Reached ***** piety under Trog
  5060 | D:7      | Killed Duvessa
  5074 | D:7      | Killed Dowan
  5340 | D:7      | Found Ahataica's Book Shoppe.
  5758 | D:8      | Reached XP level 10. HP: 64/64 MP: 10/10
  6685 | D:9      | Got an ancient hand axe
  6686 | D:9      | Identified the +10 hand axe of Cyclij {drain, rC+ Str+2
                  | Dex+2} (You found it on level 9 of the Dungeon)
  6709 | D:9      | Found a staircase to the Orcish Mines.
  6719 | D:9      | Received a gift from Trog
  7044 | D:10     | Entered Level 10 of the Dungeon
  7062 | D:10     | Noticed a white ugly thing
  7073 | D:10     | Killed a white ugly thing
  7088 | D:10     | Got a scorched ring mail
  7099 | D:10     | Identified the +4 ring mail of Saawk {rPois rF+ Int+4} (You
                  | found it on level 10 of the Dungeon)
  7154 | D:10     | Found a stormy altar of Qazlal.
  7177 | D:10     | Noticed Gastronok
  7195 | D:10     | Killed Gastronok
  7195 | D:10     | Reached XP level 11. HP: 51/72 MP: 11/11
  7220 | D:10     | Noticed Josephine
  7235 | D:10     | Reached skill level 10 in Fighting
  7237 | D:10     | Killed Josephine
  7269 | D:10     | Killed an unseen horror
  7428 | D:10     | Reached skill level 10 in Armour
  7433 | D:10     | Noticed a death yak
  7433 | D:10     | Noticed a death yak
  7435 | D:10     | Noticed a death yak
  7436 | D:10     | Found a staircase to the Lair.
  7442 | D:10     | Killed a death yak
  7448 | D:10     | Killed a death yak
  7453 | D:10     | Killed a death yak
  7458 | D:10     | HP: 2/73 [orc warrior/+0 flail (5)]
  7459 | D:10     | Slain by an orc warrior

Skill      XL: |  1  2  3  4  5  6  7  8  9 10 11 |
---------------+----------------------------------+-----
Axes           | 3 4 5 6 8 9 |  9.1
Dodging        | 2 3 4 5 7 8 |  8.0
Fighting       | 4 5 6 8 9 10 | 10.6
Armour         | 3 4 5 6 7 9 10 | 10.3

Action                   |  1- 3 |  4- 6 |  7- 9 | 10-12 || total
-------------------------+-------+-------+-------+-------++-------
Melee: Hand axe          |    85 |    11 |       |   122 ||   218
       War axe           |       |   152 |   441 |   106 ||   699
Invok: Berserk           |     1 |     1 |     4 |     2 ||     8
       Trog's Hand       |       |     1 |       |     1 ||     2
       Brothers in Arms  |       |       |       |     1 ||     1
  Use: Scroll            |       |       |    15 |     3 ||    18
       Potion            |       |       |       |     1 ||     1
  Eat: Chunk             |     1 |     5 |    17 |     7 ||    30
Armor: Animal skin       |    19 |       |       |       ||    19
       Chain mail        |    10 |   118 |   233 |       ||   361
       Plate armour      |       |       |   180 |   148 ||   328
       Ring mail         |       |       |       |    33 ||    33
Dodge: Dodged            |    48 |    81 |   266 |   164 ||   559
